 Dungeon Crawl Stone Soup version 0.30-a0-719-gcc4359ea44 (webtiles) character file.

Game seed: 1392981135050561073

212 Sabo the Conjurer (level 5, -9/31 HPs)
             Began as an Octopode Conjurer on Jan 27, 2023.
             Mangled by Menkaure (23 damage)
             ... on level 4 of the Dungeon.
             The game lasted 00:20:52 (4568 turns).

Sabo the Conjurer (Octopode Conjurer)               Turns: 4568, Time: 00:20:52

Health: -9/31      AC:  1    Str:  7    XL:     5   Next: 89%
Magic:  7/9        EV: 13    Int: 22    God:
Gold:   186        SH:  5    Dex: 10    Spells: 8/9 levels left

rFire   . . .      SeeInvis +    v - +3 hand axe (drain)
rCold   + . .      Faith    .    (no shield)
rNeg    . . .      Spirit   .    (helmet restricted)
rPois   .          Reflect  +    f - amulet of reflection
rElec   .          Harm     .    n - ring of wizardry
rCorr   .          Rampage  .    r - ring of see invisible
Will    .....                    t - ring of protection from cold
Stlth   +++                      (no ring)
HPRegen 0.25/turn                (no ring)
MPRegen 0.11/turn                (no ring)
                                 (no ring)
                                 (no ring)

@: no status effects
A: almost no armour, amphibious, 8 rings, camouflage 1, gelatinous body 1,
(nimble swimmer 1), tentacles
a: no special abilities


You were on level 4 of the Dungeon.
You visited 1 branch of the dungeon, and saw 4 of its levels.

You collected 186 gold pieces.

Inventory:

Hand Weapons
 a - a +0 vampiric spear
 b - a +0 sling
 m - a +0 mace of protection
 v - a +3 hand axe of draining (weapon)
 w - the +7 sling "Desyoptudd" {antimagic, +Blink rN+++ Str-3 Int-5}
   (You found it on level 3 of the Dungeon)

   Str:       It affects your strength (-3).
   Int:       It affects your intelligence (-5).
   rN:        It renders you almost immune to negative energy.
   +Blink:    It lets you blink.
Missiles
 e - 6 poisoned darts (quivered)
Jewellery
 f - an amulet of reflection (around mantle)
 n - a ring of wizardry (left tentacle)
 r - a ring of see invisible (right tentacle)
 t - a ring of protection from cold (on tentacle)
Scrolls
 d - a scroll of enchant armour
 j - a scroll of blinking
 k - 2 scrolls of noise {unknown}
 l - 2 scrolls of magic mapping
 o - a scroll of identify
 q - 3 scrolls of teleportation
Potions
 c - 2 potions of attraction {unknown}
 g - a potion of degeneration {unknown}
 h - a potion of heal wounds {unknown}
 i - 3 potions of flight {unknown}
 p - a potion of might {unknown}
 s - 4 potions of curing {unknown}
 u - a potion of haste {unknown}


   Skills:
 + Level 0.5 Maces & Flails
 + Level 2.5 Dodging
 + Level 4.0 Stealth
 + Level 2.7 Spellcasting
 + Level 5.8 Conjurations


You had 8 spell levels left.
You knew the following spells:

 Your Spells              Type           Power      Damage    Failure   Level
a - Magic Dart            Conj           100%       1d8       1%          1

Your spell library contained the following spells:

 Spells                   Type           Power      Damage    Failure   Level
 Searing Ray              Conj           56%        2d6       1%          2
 Static Discharge         Conj/Air       30%        2-4/arc   2%          2
 Dazzling Flash           Conj/Hex       30%        N/A       4%          3
 Sublimation of Blood     Necr           3%         N/A       8%          2
 Wereblood                Tmut           3%         N/A       8%          2
 Ignite Poison            Fire/Tmut/Pois 3%         N/A       16%         3
 Vhi's Electric Charge    Tloc/Air       6%         N/A       16%         3
 Fulminant Prism          Conj/Hex       7%         3d6       16%         4
 Iskenderun's Mystic Bla  Conj/Tloc      15%        2d5       16%         4
 Sticky Flame             Conj/Fire      15%        2d4       16%         4
 Arcjolt                  Conj/Air       7%         1d17      38%         5
 Lightning Bolt           Conj/Air       7%         1d20      38%         5
 Freezing Cloud           Conj/Ice/Air   5%         6-21      52%         5
 Simulacrum               Ice/Necr       1%         N/A       99%         6
 Summon Hydra             Summ           1%         N/A       100%        7
 Ignition                 Fire           1%         3d3       100%        8
 Polar Vortex             Ice            1%         N/A       100%        9


Dungeon Overview and Level Annotations

Branches:
Dungeon (4/15)
 Temple: D:4-7

Altars:
Kikubaaqudgha

Annotations:
D:4 Menkaure


Innate Abilities, Weirdness & Mutations

You cannot wear most types of armour.
You are amphibious.
You can wear up to eight rings at the same time.
Your skin changes colour to match your surroundings (Stealth+).
Your rubbery body absorbs attacks. (AC +1, EV +1)
((You are camouflaged when in or above water. (Stealth+)))
You have tentacles for arms and can constrict up to eight enemies at once.


Message History

Found 11 gold pieces.
You now have 176 gold pieces (gained 11).
Found a glowing golden potion.
Found a scroll of identify.
Found 10 gold pieces.
i - 3 glowing golden potions (gained 1)
Found a scroll of teleportation.
o - a scroll of identify You now have 186 gold pieces (gained 10).
q - 3 scrolls of teleportation (gained 1) Menkaure, Prince of Dust comes into view.
Casting: Magic Dart (safe; 1% risk of failure)
Confirm with . or Enter, or press ? or * to list all spells.
Aiming: Magic Dart (safe; 1% risk of failure)
Press: ? - help, Shift-Dir - straight line, f - Menkaure
Aim: Menkaure (dormant, 100% to hit)
The magic dart hits Menkaure.
Menkaure is lightly damaged.
Menkaure shouts!
Casting: Magic Dart (safe; 1% risk of failure)
Confirm with . or Enter, or press ? or * to list all spells.
Aiming: Magic Dart (safe; 1% risk of failure)
Press: ? - help, Shift-Dir - straight line, f/p - Menkaure
Aim: Menkaure (lightly damaged, 100% to hit)
The magic dart hits Menkaure but does no damage.
Menkaure is lightly damaged.
You barely miss Menkaure. Your grab misses Menkaure.
Menkaure is lightly damaged.
Menkaure misses you.
You completely miss Menkaure. You grab Menkaure.
Menkaure is lightly damaged.
You constrict Menkaure. Menkaure hits you!
You hit Menkaure.
Menkaure is moderately damaged.
You constrict Menkaure. Menkaure hits you!
You slash Menkaure!
Menkaure is severely damaged.
You constrict Menkaure. Menkaure hits you!!
Ouch! That really hurt!
You die...

######### ......M@# ###
#######.####.##
#..........#.##########
#.####.####............
#.####.#...........####
#.#......##.#####..#
#......####.# #..#
###.#..# #.# #..#
#.#..# #.# #..#


You could see Menkaure.

Vanquished Creatures
  11 gnolls (D:3)
  4 adders
  An adder zombie (D:2)
  2 adder skeletons (D:2)
  A worm (D:3)
  2 dart slugs
  An orc (D:3)
  2 ball pythons
  A bat zombie (D:2)
  An endoplasm (D:1)
  A giant cockroach (D:3)
  7 goblins
  7 hobgoblins
  3 jackals (D:3)
  2 quokkas (D:2)
  2 ball python zombies (D:2)
  2 bats
  A frilled lizard (D:1)
  A jackal zombie (D:2)
  2 kobolds (D:3)
  A quokka skeleton (D:2)
  5 rats
60 creatures vanquished.

Vanquished Creatures (others)
  6 withered plants (D:2)
6 creatures vanquished.

Grand Total: 66 creatures vanquished

Notes
Turn   | Place    | Note
-------+----------+-------------------------------------------
     0 | D:1      | Sabo the Octopode Conjurer began the quest for the Orb.
     0 | D:1      | Reached XP level 1. HP: 11/11 MP: 3/3
   494 | D:1      | Reached XP level 2. HP: 17/17 MP: 1/5
  1773 | D:2      | Reached XP level 3. HP: 21/21 MP: 2/6
  2915 | D:3      | Reached XP level 4. HP: 27/27 MP: 3/7
  3175 | D:3      | Reached skill level 5 in Conjurations
  3336 | D:3      | Reached XP level 5. HP: 28/31 MP: 0/9
  3701 | D:3      | Found an ancient bone altar of Kikubaaqudgha.
  4191 | D:3      | Identified the +7 sling "Desyoptudd" {antimagic, +Blink
                  | rN+++ Str-3 Int-5}
  4561 | D:4      | Noticed Menkaure
  4568 | D:4      | Mangled by Menkaure

Illustrated notes

Levels and vault maps discovered:
D:1:      lightli_arrival_quake, layout_basic
D:2:      layout_loops_cross, serial_undead, serial_undead_b, serial_undead_a,
          serial_undead_b, serial_undead_f, serial_undead_f, serial_undead_f,
          serial_undead_a, minivault_4
D:3:      layout_basic, kiku_gazebo_pond_becter, minmay_distorted
D:4:      layout_loops_ring, serial_bayou_lagoon_a, uniq_menkaure

Skill      XL: |  1  2  3  4  5 |
---------------+----------------+-----
Stealth        | 3 4 |  4.0
Conjurations   | 5 |  5.8
Maces & Flails | |  0.5
Dodging        | |  2.5
Spellcasting   | |  2.7

Action                     |  1- 3 |  4- 6 || total
---------------------------+-------+-------++-------
  Melee: Dagger            |     3 |       ||     3
         Constrict         |     2 |     4 ||     6
         Tentacles         |     2 |     1 ||     3
         Hand axe          |       |     6 ||     6
         Mace              |       |     8 ||     8
   Cast: Magic Dart        |    68 |    83 ||   151
    Use: Scroll            |     2 |     4 ||     6
         Potion            |       |     1 ||     1
 Armour: Skin              |     1 |     1 ||     2
  Dodge: Dodged            |     7 |    18 ||    25
  Block: Other             |     2 |     7 ||     9

Table legend: (Time is in decaauts)
 A = Elapsed time spent in this place.
 B = Non-inter-level travel time spent in this place.
 C = Inter-level travel time spent in this place.
 D = Time resting spent in this place.
 E = Time spent auto-exploring this place.
 F = Levels seen in this place.
 G = Mean time per level.
                   A        B        C        D        E       F      G
               +--------+--------+--------+--------+--------+-----+--------+
         Total |   4567 |   4567 |      0 |   1993 |      0 |   4 | 1141.8 |
       Dungeon |   4567 |   4567 |      0 |   1993 |      0 |   4 | 1141.8 |
               +--------+--------+--------+--------+--------+-----+--------+

Top non-repeatable levels by time:
     D:2: 1737 daAuts
     D:3: 1422 daAuts
     D:1: 1145 daAuts
     D:4: 262 daAuts
